 Dungeon Crawl Stone Soup version 0.25-a0-253-g6f1b5d974a (webtiles) character file.

Game seed: 6246979520635975965, levelgen mode: deterministic

213630 Leehanui the Bludgeoner (level 18, -9/198 HPs)
             Began as an Ogre Fighter on Dec 5, 2019.
             Was a High Priest of Okawaru.
             Mangled by a vault warden
             ... wielding a +3 dire flail of venom
              (21 damage)
             ... on level 1 of the Vaults on Dec 6, 2019.
             The game lasted 02:18:48 (37412 turns).

Leehanui the Bludgeoner (Ogre Fighter)             Turns: 37412, Time: 02:18:50

Health: -9/198     AC: 25    Str: 34 (35) XL:     18   Next: 96%
Magic:  22/27      EV: 14    Int:  9      God:    Okawaru [*****.]
Gold:   1573       SH:  0    Dex:  8      Spells: 15/29 levels left

rFire    . . .     SeeInvis +   b - +1 broad axe (flame)
rCold    + . .     Gourm    .   (no shield)
rNeg     + . .     Faith    .   c - +1 pearl dragon scales of Good Intentions {+Blink rElec rN+ Str+4 Slay-4}
rPois    .         Spirit   .   y - +2 hat {SInv}
rElec    +         Reflect  .   u - +2 cloak
rCorr    +         Harm     .   (gloves unavailable)
MR       +....                  (boots unavailable)
Stlth    ..........             K - amulet of regeneration
HPRegen  1.23/turn              O - ring of resist corrosion
MPRegen  0.20/turn              F - ring of protection from cold

@: confused, lethally poisoned (-9 -> -63), heroism, finesse, marked
A: large, unfitting armour, horns 1, repulsion field 1, deterioration 1,
regeneration 1, tough skin 1, subdued magic 1
}: 1/15 runes: gossamer
a: Heroism, Finesse, Renounce Religion, Evoke Blink


You were on level 1 of the Vaults.
You worshipped Okawaru.
Okawaru was extremely pleased with you.
You were not hungry.

You visited 5 branches of the dungeon, and saw 28 of its levels.
You visited 1 bazaar.
You also visited: Ice Cave.

You collected 3049 gold pieces.
You spent 1476 gold pieces at shops.

Inventory:

Hand Weapons
 b - a +1 broad axe of flaming (weapon)
 z - the +5 giant spiked club of Sudden Death {protect, +Inv rN+}
   (Okawaru gifted it to you on level 2 of the Spider Nest)

   It grants its wielder temporary protection when it strikes (+7 to AC).
   It protects you from negative energy.
   It lets you turn invisible.
 H - the +6 eveningstar "Mukhleakh" {elec, rElec rC++ rN+ MP+9}
   (Okawaru gifted it to you on level 1 of the Vaults)

   Occasionally, upon striking a foe, it will discharge some electrical energy
   and cause terrible harm.
   It greatly protects you from cold.
   It insulates you from electricity.
   It protects you from negative energy.
   It affects your magic capacity (+9).
Missiles
 m - 59 boomerangs
 D - 16 silver boomerangs
 G - 28 poisoned darts
 M - 9 curare-tipped darts
 Q - 17 silver javelins (quivered)
 W - 28 large rocks
 Y - a throwing net
Armour
 c - the +1 pearl dragon scales of Good Intentions (worn) {+Blink rElec rN+ Str+4 Slay-4}
   (Okawaru gifted it to you on level 2 of the Lair of Beasts)

   It affects your strength (+4).
   It affects your accuracy and damage with ranged weapons and melee attacks
   (-4).
   It insulates you from electricity.
   It protects you from negative energy.
   It lets you blink.
 l - +0 swamp dragon scales
 u - a +2 cloak (worn)
 x - a +2 robe of fire resistance
 y - a +2 hat of see invisible (worn)
Jewellery
 v - an uncursed ring of positive energy
 F - a ring of protection from cold (right hand)
 J - an uncursed ring of flight
 K - an amulet of regeneration (around neck)
 L - an uncursed ring of ice
 O - a ring of resist corrosion (left hand)
Wands
 A - a wand of iceblast (49)
 I - a wand of paralysis (22)
 T - a wand of acid (18)
 V - a wand of digging (2)
Scrolls
 e - 13 scrolls of identify
 g - 3 scrolls of enchant armour
 i - 15 scrolls of remove curse
 k - 8 scrolls of immolation
 p - 7 scrolls of magic mapping
 q - 7 scrolls of enchant weapon
 t - 4 scrolls of fog
 C - 5 scrolls of teleportation
 E - 2 scrolls of blinking
 Z - 5 scrolls of fear
Potions
 a - a potion of invisibility
 d - 5 potions of agility
 h - 3 potions of curing
 j - a potion of might
 n - 4 potions of cancellation
 r - a potion of resistance
 B - 2 potions of brilliance
 N - 4 potions of ambrosia
 P - 4 potions of lignification
 R - 5 potions of haste
 U - 4 potions of berserk rage
 X - 3 potions of flight
Miscellaneous
 s - a box of beasts
 w - a phantom mirror
Comestibles
 f - 35 rations
 o - 5 chunks of flesh


   Skills:
 + Level 16.4(21.4) Fighting
 * Level 17.1(22.1) Maces & Flails
 + Level 13.9(18.9) Throwing
 * Level 11.1(16.1) Armour
 * Level 6.2(11.2) Dodging
   Level 7.6(12.6) Shields
 - Level 6.3 Spellcasting
 - Level 6.9 Necromancy
 - Level 1.6 Earth Magic
 - Level 7.5 Invocations
 * Level 4.2 Evocations


You had 15 spell levels left.
You knew the following spells:

 Your Spells              Type           Power        Failure   Level  Hunger
a - Animate Skeleton      Necr           N/A          1%          1    None
b - Borgnjor's Vile Clut  Necr/Erth      #.........   83%         5    ######.
c - Animate Dead          Necr           N/A          17%         4    ####...
d - Regeneration          Chrm/Necr      #.........   22%         3    ###....
e - Apportation           Tloc           #.....       32%         1    None

Your spell library contained the following spells:

 Spells                   Type           Power        Failure   Level  Hunger
 Pain                     Necr           ##..         1%          1    None
 Vampiric Draining        Necr           ##........   4%          3    ###....
 Confusing Touch          Hex            #.....       32%         1    None
 Corona                   Hex            #......      32%         1    None
 Freeze                   Ice            #...         32%         1    None
 Magic Dart               Conj           #...         32%         1    None
 Shock                    Conj/Air       #...         32%         1    None
 Summon Small Mammal      Summ           #...         32%         1    None
 Blink                    Tloc           N/A          45%         2    ##.....
 Call Imp                 Summ           #.......     45%         2    ##.....
 Ensorcelled Hibernation  Hex/Ice        #.....       45%         2    ##.....
 Slow                     Hex            #.......     45%         2    ##.....
 Swiftness                Chrm/Air       #.......     45%         2    ##.....
 Confuse                  Hex            #.......     69%         3    ###....
 Conjure Flame            Conj/Fire      #.......     69%         3    ###....
 Dazzling Flash           Conj/Hex       #.....       69%         3    ###....
 Mephitic Cloud           Conj/Pois/Air  #.......     69%         3    ###....
 Ozocubu's Armour         Chrm/Ice       #.......     69%         3    ###....
 Static Discharge         Conj/Air       #.......     69%         3    ###....
 Tukima's Dance           Hex            #.......     69%         3    ###....
 Leda's Liquefaction      Hex/Erth       #.........   93%         4    ####...
 Airstrike                Air            #.........   98%         4    ####...
 Hailstorm                Conj/Ice       #.......     98%         4    ####...
 Ice Form                 Ice/Tmut       #.......     98%         4    ####...
 Summon Ice Beast         Ice/Summ       #.......     98%         4    ####...
 Bolt of Magma            Conj/Fire/Erth #.........   100%        5    ######.
 Lightning Bolt           Conj/Air       #.........   100%        5    ######.
 Metabolic Englaciation   Hex/Ice        #.........   100%        5    ######.
 Silence                  Hex/Air        #.........   100%        5    ######.
 Darkness                 Hex            #.........   100%        6    #######
 Freezing Cloud           Conj/Ice/Air   #.........   100%        6    #######
 Iron Shot                Conj/Erth      #.........   100%        6    #######
 Ozocubu's Refrigeration  Ice            #.........   100%        6    #######
 Shadow Creatures         Summ           N/A          100%        6    #######
 Simulacrum               Ice/Necr       #.........   100%        6    #######
 Statue Form              Tmut/Erth      #........    100%        6    #######
 Shatter                  Erth           #.........   100%        9    #######


Dungeon Overview and Level Annotations

Branches:
Dungeon (15/15)            Temple (0/1) D:4            Lair (6/6) D:10
 Shoals (0/4) Lair:3       Spider (4/4) Lair:2        Slime (0/5) Lair:5
    Orc (2/2) D:9             Elf (0/3) Orc:2        Vaults (1/5) D:13
 Depths (0/5) D:15          IceCv (visited)

Altars:
Dithmenos
Makhleb
Okawaru
Qazlal
Trog
Uskayaw
Yredelemnul
Beogh
Lugonu

Shops:
D:8 :   D:9 (   Orc:2 =*!}

Portals:
Hell: Lair:6
Trove: Vaults:1 (lose all piety)

Annotations:
D:4 exclusion: downstairs
D:9 , 2 transporters
D:11 exclusion: obsidian statue
D:14 exclusion: downstairs
Vaults:1 1 runed translucent door, Jiem's ghost, veteran DsFi


Innate Abilities, Weirdness & Mutations

You are too large for most types of armour.
You have tough skin. (AC +1)
You have a pair of small horns on your head.
You are surrounded by a mild repulsion field. (EV +2)
Your body sometimes deteriorates upon taking damage.
Your natural rate of healing is unusually fast.
Your spells are a little easier to cast, but a little less powerful.


Message History

* * * LOW HITPOINT WARNING * * *
Your body deteriorates!
You feel weakened.
You are more poisoned.
You closely miss the vault warden. Your headbutt misses the vault warden.
The vault warden is moderately wounded.
You slice the great orb of eyes!! You burn the great orb of eyes.
You slash the ironbrand convoker! You burn the ironbrand convoker.
* * * LOW HITPOINT WARNING * * *
You feel very sick.
Unknown command.
You are confused.
You feel invigorated.
* * * LOW HITPOINT WARNING * * *
You feel extremely sick. The great orb of eyes gazes at you.
You easily resist.
The ironbrand convoker hits you but does no damage.
The vault sentinel casts a spell at you.
You barely resist.
The vault warden hits you with a +3 dire flail of venom!!
You die...

####.#### ##.#...#.##
#....>....## ### ...#...#...#
#### #### #.. #.###.###.##
#..#..... #..
..(#...#...#########..#....} #..
.∩))).†.....+...p..+..+≈W≈≈: #..
.(.#...#...##..).).#..#....) #..
#.###.###.###..p@..#..#..... #..
...#...#...##..)pG.######### #..
#.........###.....(############..
##.#...#.## #......+)##.##.##.'..
####.#### #.....)#)(........#..
### ########........[.#..
#..........#.# #.##.##.##.#..
############..


You could see a vault warden, a great orb of eyes, a vault sentinel and an
ironbrand convoker.

Vanquished Creatures
  Arachne (Spider:2)
  Jorgrun (Spider:1)
  Rupert (D:12)
  Kirke (D:15)
  Agnes (D:15)
  Roxanne (D:15)
  8 emperor scorpions
  5 ghost moths
  2 vault wardens (Vaults:1)
  3 very ugly things (Vaults:1)
  An ironheart preserver (Vaults:1)
  3 entropy weavers
  Azrael (D:15)
  A dire elephant (Lair:6)
  An ettin (Orc:1)
  Josephine (Orc:1)
  3 yaktaur captains
  7 hydras
  Harold (Orc:1)
  The ghost of Ulohogug the Nimble, a journeyman FeTm of Ru (Spider:2)
  3 vault guards
  2 catoblepae
  An ogre mage (Vaults:1)
  7 centaur warriors
  7 dancing weapons (Spider:3)
  8 two-headed ogres
  5 death yaks
  2 tengu warriors
  2 death knights
  A deep troll earth mage (D:13)
  3 orc high priests (Orc:2)
  Sonja (D:12)
  A deep elf knight (Vaults:1)
  9 skeletal warriors
  A sixfirhy (Lair:6)
  4 wizards
  3 unseen horrors
  4 ironbrand convokers (Vaults:1)
  3 phantasmal warriors
  2 flayed ghosts
  2 necromancers
  8 orc knights
  A deep elf archer (Vaults:1)
  24 orb spiders
  3 ugly things (Vaults:1)
  2 cyclopes
  3 deep elf magi
  7 orc sorcerers
  2 oklob plants (Lair:5)
  31 wolf spiders
  A manticore (D:14)
  18 elephants
  6 black mambas
  An ice statue (IceCv)
  A moth of wrath (Spider:3)
  A naga mage (D:15)
  A vault sentinel (Vaults:1)
  A smoke demon (Lair:6)
  An orange demon (Lair:6)
  5 torpor snails
  2 gargoyles
  11 spiny frogs
  2 rime drakes (Lair:6)
  13 yaktaurs
  2 ice devils (Lair:6)
  An efreet (D:13)
  A komodo dragon (shapeshifter) (D:13)
  12 demonic crawlers
  12 freezing wraiths
  14 komodo dragons
  4 trolls
  A meliai (shapeshifter) (D:15)
  3 red devils (Lair:6)
  A tengu conjurer (D:14)
  3 polar bears (Lair:6)
  29 jumping spiders
  A tyrant leech (Lair:5)
  9 hornets
  5 slime creatures (Vaults:1)
  11 hippogriffs
  A blink frog (shapeshifter) (D:14)
  12 blink frogs
  A hippogriff (shapeshifter) (D:12)
  8 centaur simulacra
  49 tarantellas
  2 shadows (D:12)
  6 wraiths
  5 wyverns
  80 redbacks
  4 fire elementals (D:15)
  2 basilisks
  2 vampires
  19 humans
  12 spriggans (Lair:3)
  25 yaks
  3 steam dragons
  7 hogs
  A hungry ghost (D:8)
  A redback simulacrum (D:15)
  Menkaure (D:7)
  A death yak simulacrum (IceCv)
  An acid dragon (D:14)
  A vampire mosquito (D:12)
  A soldier ant (D:11)
  3 swamp worms (Lair:6)
  4 wargs
  4 hell hounds
  5 porcupines
  2 sky beasts
  21 water moccasins
  A sky beast (shapeshifter) (Vaults:1)
  23 orc warriors
  5 phantoms
  4 eyes of draining
  11 ice beasts
  13 ogres
  10 boggarts
  9 centaurs
  11 wolves (Lair:2)
  18 crocodiles
  4 big kobolds
  18 bullfrogs
  A wyvern zombie (D:13)
  A water moccasin skeleton (D:7)
  5 scorpions
  5 killer bees (D:12)
  8 electric eels
  A howler monkey (D:10)
  2 bullfrog zombies
  9 centaur zombies
  9 crimson imps
  3 draconian simulacra (IceCv)
  6 hounds
  4 jellies
  2 gnoll shamans
  3 centaur skeletons
  14 orc priests
  Crazy Yiuf (D:3)
  5 bullfrog skeletons
  7 iguanas
  7 worker ants
  Natasha (thrice) (D:2)
  29 orc wizards
  5 spriggan simulacra (IceCv)
  2 troll simulacra (IceCv)
  A polar bear simulacrum (IceCv)
  2 wolf simulacra (IceCv)
  A hound zombie (D:7)
  10 gnolls
  2 naga simulacra (IceCv)
  4 ogre simulacra (IceCv)
  7 adders
  3 shadow imps
  12 white imps (IceCv)
  An ooze (D:5)
  A worm (D:2)
  2 dart slugs (D:1)
  A leopard gecko (D:1)
  67 orcs
  2 ball pythons
  5 giant cockroaches
  10 goblins
  6 hobgoblins
  15 jackals
  26 kobolds
  4 quokkas
  7 bats
  8 frilled lizards
  2 quokka skeletons
  A quokka zombie (D:7)
  10 rats
  5 plants
1127 creatures vanquished.

Vanquished Creatures (collateral kills)
  2 humans (D:13)
2 creatures vanquished.

Vanquished Creatures (others)
  A tengu conjurer (D:15)
  A jumping spider (Spider:3)
  2 redbacks
  A human (D:15)
  An orc wizard (Orc:2)
  An orc (D:10)
  5 fungi
  5 plants
17 creatures vanquished.

Grand Total: 1146 creatures vanquished

Notes
Turn   | Place    | Note
-------+----------+-------------------------------------------
     0 | D:1      | Leehanui the Ogre Fighter began the quest for the Orb.
     0 | D:1      | Reached XP level 1. HP: 24/24 MP: 1/1
   226 | D:1      | Reached XP level 2. HP: 6/33 MP: 2/2
   490 | D:1      | Reached skill level 2 in Maces & Flails
   971 | D:1      | Reached XP level 3. HP: 40/40 MP: 3/3
  1341 | D:2      | Noticed Natasha
  1357 | D:2      | Killed Natasha
  1357 | D:2      | Reached XP level 4. HP: 7/49 MP: 4/4
  1831 | D:2      | Reached skill level 3 in Maces & Flails
  1889 | D:2      | Reached skill level 5 in Fighting
  2446 | D:2      | Noticed Natasha
  2456 | D:2      | Killed Natasha
  2456 | D:2      | Reached XP level 5. HP: 48/57 MP: 5/5
  2534 | D:2      | Noticed Natasha
  2541 | D:2      | Killed Natasha
  2551 | D:2      | Found an iron altar of Okawaru.
  2566 | D:2      | Became a worshipper of Warmaster Okawaru
  3195 | D:3      | Reached skill level 4 in Maces & Flails
  3482 | D:3      | Reached XP level 6. HP: 65/66 MP: 6/6
  3810 | D:3      | Found a runed translucent door.
  3811 | D:3      | Noticed Crazy Yiuf
  3951 | D:3      | Killed Crazy Yiuf
  4021 | D:4      | Noticed a water moccasin
  4047 | D:4      | Killed a water moccasin
  4671 | D:4      | Found a staircase to the Ecumenical Temple.
  4815 | D:4      | Reached XP level 7. HP: 75/75 MP: 7/7
  4938 | D:4      | Reached skill level 1 in Throwing
  5462 | D:5      | Entered Level 5 of the Dungeon
  5470 | D:5      | Reached skill level 5 in Maces & Flails
  5472 | D:5      | Reached * piety under Okawaru
  5764 | D:5      | Reached skill level 1 in Invocations
  5764 | D:5      | Reached XP level 8. HP: 59/84 MP: 8/8
  6391 | D:5      | Reached ** piety under Okawaru
  6391 | D:5      | Reached skill level 5 in Shields
  6810 | D:6      | Reached skill level 5 in Throwing
  6810 | D:6      | Reached XP level 9. HP: 57/93 MP: 8/11
  7384 | D:6      | Reached *** piety under Okawaru
  7400 | D:6      | Gained mutation: You are surrounded by a mild repulsion
                  | field. (EV +2) [potion of mutation]
  7400 | D:6      | Gained mutation: Armour fits poorly on your strangely
                  | shaped body. [potion of mutation]
  7400 | D:6      | Gained mutation: You possess an exceptional clarity of
                  | mind. [potion of mutation]
  7401 | D:6      | Lost mutation: Armour fits poorly on your strangely shaped
                  | body. [potion of mutation]
  7401 | D:6      | Lost mutation: You possess an exceptional clarity of mind.
                  | [potion of mutation]
  7401 | D:6      | Gained mutation: You have a pair of small antennae on your
                  | head. [potion of mutation]
  7401 | D:6      | Gained mutation: You are agile. (Dex +2) [potion of
                  | mutation]
  7401 | D:6      | Gained mutation: You have sharp fingernails. [potion of
                  | mutation]
  7613 | D:7      | Reached skill level 1 in Armour
  7664 | D:7      | Noticed Menkaure
  7702 | D:7      | Killed Menkaure
  7821 | D:7      | Found a shadowy altar of Dithmenos.
  7855 | D:7      | Reached **** piety under Okawaru
  7855 | D:7      | Received a gift from Okawaru
  8625 | D:8      | Reached skill level 5 in Invocations
  8625 | D:8      | Reached XP level 10. HP: 94/104 MP: 13/13
  8673 | D:8      | Found Zeph's Book Boutique.
  8685 | D:8      | Noticed a two-headed ogre
  8705 | D:8      | Killed a two-headed ogre
  8705 | D:8      | Received a gift from Okawaru
  8705 | D:8      | Reached skill level 6 in Maces & Flails
  9341 | D:8      | Paralysed by fainting for 11 turns
  9604 | D:9      | Found Jaulipp's Antique Weapon Emporium.
  9610 | D:9      | Bought an iridescent whip for 270 gold pieces
  9610 | D:9      | Identified the +0 whip of Youthful Indiscretion {elec,
                  | Dex+3} (You bought it in a shop on level 9 of the Dungeon)
  9816 | D:9      | Found a basalt altar of Yredelemnul.
  9816 | D:9      | Found a hide-covered altar of Uskayaw.
  9817 | D:9      | Found a bloodstained altar of Trog.
  9903 | D:9      | Reached ***** piety under Okawaru
  9947 | D:9      | Found a staircase to the Orcish Mines.
  9961 | D:9      | Received a gift from Okawaru
 10147 | D:9      | Found a runed translucent door.
 10199 | D:9      | Found a transporter.
 10201 | D:9      | Noticed a white ugly thing
 10201 | D:9      | Noticed a brown ugly thing
 10202 | D:9      | Found a transporter.
 10202 | D:9      | Noticed a salamander
 10203 | D:9      | Found a corrupted altar of Lugonu.
 10381 | D:9      | Noticed an orc knight
 10413 | D:9      | Killed an orc knight
 10426 | D:9      | Reached skill level 7 in Maces & Flails
 10639 | D:9      | Found a roughly hewn altar of Beogh.
 10701 | D:10     | Entered Level 10 of the Dungeon
 10726 | D:10     | Found a staircase to the Lair.
 10772 | D:10     | Reached XP level 11. HP: 90/115 MP: 15/15
 11094 | D:10     | Received a gift from Okawaru
 11262 | D:10     | Killed an unseen horror
 11262 | D:10     | Received a gift from Okawaru
 11409 | D:10     | Reached skill level 8 in Maces & Flails
 12396 | D:11     | Noticed an obsidian statue
 12436 | D:11     | Reached skill level 10 in Fighting
 12491 | D:11     | Killed an unseen horror
 12650 | D:11     | Noticed a deep elf mage
 12655 | D:11     | Killed a deep elf mage
 13071 | D:11     | Lost mutation: You are agile. (Dex +2) [potion of mutation]
 13071 | D:11     | Lost mutation: You have a pair of small antennae on your
                  | head. [potion of mutation]
 13071 | D:11     | Lost mutation: You have sharp fingernails. [potion of
                  | mutation]
 13071 | D:11     | Gained mutation: You passively map a small area around you.
                  | [potion of mutation]
 13071 | D:11     | Gained mutation: Your spells are a little harder to cast,
                  | but a little more powerful. [potion of mutation]
 13071 | D:11     | Gained mutation: Your body sometimes deteriorates upon
                  | taking damage. [potion of mutation]
 13071 | D:11     | Gained mutation: Your flesh is cold resistant. (rC+)
                  | [potion of mutation]
 13123 | D:12     | Reached skill level 9 in Maces & Flails
 13322 | D:12     | Noticed Sonja
 13334 | D:12     | Killed Sonja
 13334 | D:12     | Received a gift from Okawaru
 13365 | D:12     | Reached XP level 12. HP: 68/127 MP: 9/17
 13537 | D:12     | Noticed Rupert
 13587 | D:12     | Killed Rupert
 13587 | D:12     | Received a gift from Okawaru
 13587 | D:12     | Reached skill level 10 in Maces & Flails
 13741 | D:12     | Noticed a two-headed ogre
 13743 | D:12     | Noticed a catoblepas
 13752 | D:12     | Killed a two-headed ogre
 13752 | D:12     | Reached skill level 5 in Armour
 13765 | D:12     | Killed a catoblepas
 14539 | D:13     | Noticed a six-headed hydra
 14547 | D:13     | Killed a six-headed hydra
 14818 | D:13     | Learned a level 1 spell: Animate Skeleton
 14918 | D:13     | Reached skill level 11 in Maces & Flails
 14963 | D:13     | Reached skill level 1 in Necromancy
 14975 | D:13     | Reached skill level 1 in Spellcasting
 15006 | D:13     | Lost mutation: You passively map a small area around you.
                  | [potion of mutation]
 15006 | D:13     | Lost mutation: Your spells are a little harder to cast, but
                  | a little more powerful. [potion of mutation]
 15006 | D:13     | Gained mutation: Your spells are a little easier to cast,
                  | but a little less powerful. [potion of mutation]
 15006 | D:13     | Lost mutation: Your flesh is cold resistant. (rC+) [potion
                  | of mutation]
 15006 | D:13     | Gained mutation: Your natural rate of healing is unusually
                  | fast. [potion of mutation]
 15006 | D:13     | Gained mutation: You have a pair of small horns on your
                  | head. [potion of mutation]
 15010 | D:13     | Found a gate to the Vaults.
 15010 | D:13     | Noticed a vault guard
 15019 | D:13     | Killed a vault guard
 15026 | D:13     | Reached XP level 13. HP: 129/137 MP: 18/18
 15037 | D:13     | Received a gift from Okawaru
 15361 | D:13     | Paralysed by a floating eye for 2 turns
 15438 | D:13     | Noticed a yaktaur captain
 15455 | D:13     | Killed a yaktaur captain
 15710 | D:14     | Received a gift from Okawaru
 15933 | D:14     | Reached skill level 12 in Maces & Flails
 16125 | D:14     | Received a gift from Okawaru
 16306 | D:14     | Received a gift from Okawaru
 16339 | D:14     | Got a pitted hat {god gift}
 16350 | D:14     | Identified the +0 hat of Okawaru's Envy {Int+4} (Okawaru
                  | gifted it to you on level 14 of the Dungeon)
 16645 | D:14     | Reached XP level 14. HP: 73/149 MP: 16/21
 16654 | D:14     | Reached skill level 5 in Spellcasting
 17102 | D:15     | Entered Level 15 of the Dungeon
 17201 | D:15     | Found a stormy altar of Qazlal.
 17242 | D:15     | Noticed Agnes
 17279 | D:15     | Killed Agnes
 17404 | D:15     | Reached skill level 10 in Throwing
 17418 | D:15     | Received a gift from Okawaru
 17487 | D:15     | Noticed Azrael
 17497 | D:15     | Killed Azrael
 17497 | D:15     | Reached skill level 13 in Maces & Flails
 17842 | D:15     | Noticed Kirke
 17857 | D:15     | Killed Kirke
 17935 | D:15     | Noticed Roxanne
 17974 | D:15     | Killed Roxanne
 18312 | D:15     | Paralysed by an orc sorcerer for 6 turns
 18476 | D:15     | Found a staircase to the Depths.
 19210 | Lair:1   | Entered Level 1 of the Lair of Beasts
 19785 | Lair:1   | Received a gift from Okawaru
 20008 | Lair:2   | Reached XP level 15. HP: 159/159 MP: 23/23
 20814 | Lair:2   | Found a hole to the Spider Nest.
 20825 | Lair:2   | Reached ****** piety under Okawaru
 20825 | Lair:2   | Received a gift from Okawaru
 20825 | Lair:2   | Reached skill level 14 in Maces & Flails
 20828 | Lair:2   | Got smoking pearl dragon scales {god gift}
 20839 | Lair:2   | Identified the +1 pearl dragon scales of Good Intentions
                  | {+Blink rElec rN+ Str+4 Slay-4} (Okawaru gifted it to you
                  | on level 2 of the Lair of Beasts)
 21210 | Lair:3   | Learned a level 5 spell: Borgnjor's Vile Clutch
 21301 | Lair:3   | Found a staircase to the Shoals.
 22243 | D:9      | Bought a slimy demon whip for 720 gold pieces
 22243 | D:9      | Identified the +6 demon whip of Temperance {pain, Stlth+}
                  | (You bought it in a shop on level 9 of the Dungeon)
 23309 | Lair:5   | Found a staircase to the Slime Pits.
 23819 | Lair:5   | Reached skill level 1 in Earth Magic
 24127 | Lair:6   | Entered Level 6 of the Lair of Beasts
 24310 | Lair:6   | Found a frozen archway.
 24349 | IceCv    | Entered an ice cave
 24566 | IceCv    | Received a gift from Okawaru
 24635 | IceCv    | Found an ancient bone altar of Kikubaaqudgha.
 24793 | IceCv    | Received a gift from Okawaru
 25030 | Lair:5   | Reached skill level 5 in Necromancy
 25032 | Lair:5   | Received a gift from Okawaru
 25188 | Lair:6   | Reached XP level 16. HP: 170/171 MP: 25/25
 25914 | Lair:6   | Found a burning altar of Makhleb.
 25961 | Lair:6   | Found a gateway to Hell.
 26438 | Orc:1    | Entered Level 1 of the Orcish Mines
 26483 | Orc:1    | Noticed Josephine
 26502 | Orc:1    | Killed Josephine
 26517 | Orc:1    | Received a gift from Okawaru
 26706 | Orc:1    | Noticed Harold
 26716 | Orc:1    | Killed Harold
 26751 | Orc:1    | Received a gift from Okawaru
 26756 | Orc:1    | Got a crude morningstar {god gift}
 26757 | Orc:1    | Identified the +5 morningstar "Oxzahea" {freeze, Int+2}
                  | (Okawaru gifted it to you on level 1 of the Orcish Mines)
 26917 | Orc:2    | Entered Level 2 of the Orcish Mines
 26917 | Orc:2    | Found a flickering gateway to a bazaar.
 27119 | Bazaar   | Entered a bazaar
 27122 | Bazaar   | Found Aweminoy's Weapon Shop.
 27135 | Bazaar   | Found Tioc's Book Shop.
 27148 | Bazaar   | Found Muppus's Gadget Boutique.
 27180 | Bazaar   | Found Zoshat's Distillery.
 27189 | Bazaar   | Bought a potion of might for 36 gold pieces
 27189 | Bazaar   | Bought a potion of haste for 90 gold pieces
 27221 | Orc:2    | Found a staircase to the Elven Halls.
 27342 | Orc:2    | Found Tycsiru's Jewellery Emporium.
 27828 | Orc:2    | Paralysed by an orc sorcerer for 6 turns
 27842 | Orc:2    | Reached skill level 15 in Maces & Flails
 27859 | Orc:2    | HP: 8/174 [poisoned by a red devil]
 28279 | Orc:2    | Found Omeochat's Distillery.
 28293 | Orc:2    | Found Gelusiog's Gadget Boutique.
 28295 | Orc:2    | Found Moikesaw's General Store.
 28307 | Orc:2    | Bought a phantom mirror for 360 gold pieces
 28650 | Spider:1 | Entered Level 1 of the Spider Nest
 28650 | Spider:1 | Noticed Jorgrun
 28672 | Spider:1 | Killed Jorgrun
 28672 | Spider:1 | Reached skill level 10 in Armour
 28734 | Spider:1 | Reached skill level 15 in Fighting
 28933 | Spider:1 | Received a gift from Okawaru
 29482 | Spider:1 | Received a gift from Okawaru
 30094 | Spider:2 | Received a gift from Okawaru
 30094 | Spider:2 | Reached XP level 17. HP: 183/184 MP: 26/26
 30689 | Spider:2 | Received a gift from Okawaru
 30699 | Spider:2 | Noticed Arachne
 30709 | Spider:2 | Killed Arachne
 30752 | Spider:2 | Received a gift from Okawaru
 31303 | Spider:2 | Received a gift from Okawaru
 31314 | Spider:2 | Got a twisted giant spiked club {god gift}
 31320 | Spider:2 | Identified the +5 giant spiked club of Sudden Death
                  | {protect, +Inv rN+} (Okawaru gifted it to you on level 2 of
                  | the Spider Nest)
 31595 | Spider:2 | Found a runed translucent gate.
 31595 | Spider:2 | Found a runed translucent gate.
 31595 | Spider:2 | Found a runed translucent gate.
 31595 | Spider:2 | Noticed Ulohogug's ghost (journeyman FeTm)
 31599 | Spider:2 | You fall into a shaft and drop 1 floor!
 31865 | Spider:2 | Killed Ulohogug's ghost
 31880 | Spider:2 | Learned a level 4 spell: Animate Dead
 31884 | Spider:2 | Learned a level 3 spell: Regeneration
 31886 | Spider:2 | Learned a level 1 spell: Apportation
 31926 | Spider:3 | Reached skill level 1 in Evocations
 31949 | Spider:2 | HP: 6/184 [jumping spider (10)]
 32607 | Spider:3 | Found a runed translucent door.
 32780 | Spider:3 | Received a gift from Okawaru
 33174 | Spider:3 | Received a gift from Okawaru
 33260 | Spider:4 | Entered Level 4 of the Spider Nest
 33274 | Spider:3 | HP: 9/185 [redback[a torpor snail] (10)]
 33283 | Spider:3 | HP: 7/185 [redback[a torpor snail] (9)]
 33285 | Spider:3 | HP: 2/185 [redback (6)]
 34217 | Spider:4 | Reached XP level 18. HP: 129/196 MP: 19/27
 34350 | Spider:4 | Reached skill level 16 in Maces & Flails
 34377 | Spider:3 | HP: 6/196 [redback (4)]
 34549 | Spider:3 | Reached skill level 5 in Dodging
 34589 | Spider:3 | HP: 8/196 [poisoned by a redback]
 35100 | Spider:4 | Received a gift from Okawaru
 35749 | Spider:4 | Got a gossamer rune of Zot
 35933 | Spider:4 | Got a steaming morningstar {god gift}
 35934 | Spider:4 | Identified the +4 morningstar of Trial by Ordeal {holy,
                  | rN+} (Okawaru gifted it to you on level 4 of the Spider
                  | Nest)
 36170 | Vaults:1 | Entered Level 1 of the Vaults
 36223 | Vaults:1 | Found a runed translucent door.
 36225 | Vaults:1 | Noticed Jiem's ghost (veteran DsFi)
 36575 | Vaults:1 | Received a gift from Okawaru
 37068 | Vaults:1 | Found a portal to a secret trove of treasure.
 37171 | Vaults:1 | Received a gift from Okawaru
 37248 | Vaults:1 | Reached skill level 17 in Maces & Flails
 37357 | Vaults:1 | Identified the +6 eveningstar "Mukhleakh" {elec, rElec rC++
                  | rN+ MP+9} (Okawaru gifted it to you on level 1 of the
                  | Vaults)
 37412 | Vaults:1 | Mangled by a vault warden

Levels and vault maps discovered:
D:1:      dpeg_arrival_subterranean_lakeside_camping, layout_rooms
D:2:      layout_basic, first_ration, okawaru_trees_1, uniq_natasha
D:3:      layout_basic, uniq_crazy_yiuf_cottage
D:4:      layout_basic, temple_hall, grunt_ministairs_1, columned_hall_lemuel
D:5:      layout_basic
D:6:      kennysheep_steamy, layout_loops_ring, st_stairs_1, due_unseen_surprise
D:7:      layout_loops_ring, nicolae_overflow_hidden_temple, grunt_ministairs_2,
          grunt_livestock, uniq_menkaure
D:8:      minmay_evil_eye, layout_loops_cross, serial_shops, nicolae_shop_stone,
          serial_park_tiny_2
D:9:      gammafunk_corrupted_shrine, layout_loops_ring,
          gammafunk_temple_overflow_claw, serial_shops, nicolae_shop_waterfront,
          lightli_church_of_beogh
D:10:     layout_basic, david_lair_shrubbed
D:11:     layout_loops_ring, grunt_ministairs_15, minmay_protected_statue
D:12:     layout_rooms, kennysheep_generic_room_4, uniq_rupert, uniq_sonja
D:13:     minmay_sliced_demisemicircle, layout_basic, grunt_vaults_entry_tiered
D:14:     layout_loops_corners
D:15:     grunt_enter_depths_magical_seal, layout_grid_maze,
          minmay_strange_pillars, nicolae_qazlal_style_of_elements, uniq_azrael,
          uniq_roxanne, uniq_kirke, uniq_agnes
Lair:1:   layout_long_grid, chequers_serial_rivers_micro_b, st_stairs_4,
          chequers_serial_rivers_micro_e, beast_lair_carwin_3,
          grunt_megastairs_3, serial_bayou_shore_b
Lair:2:   layout_gridlike, nicolae_spider_entry_orb_guardian
Lair:3:   kb_forest_paths, layout_loops_ring, elwin_shoals_entry_rocks
Lair:4:   layout_regular_city
Lair:5:   layout_hall_layers, minmay_slime_entry_oklob_open,
          serial_bayou_shore_a, grunt_megastairs_4, infiniplex_staircase_pool,
          lemuel_fruit_tree
Lair:6:   evil_forest, layout_gridlike, portal_ice_cave_entry_pillars_2,
          worms_lemuel
Spider:1: layout_spider_delve, uniq_jorgrun
Spider:2: layout_spider_delve, ebering_ghost_rock_garden, uniq_arachne
Spider:3: cheibrodos_spider_deadly_dance, hive_lemuel
Spider:4: grunt_spider_rune_circles, nicolae_arachne_temple
Orc:1:    layout_caves, uniq_harold, uniq_josephine
Orc:2:    st_orc_elflike, layout_diamond_mine, serial_shops, bzr_entry_customers
Vaults:1: ebering_vaults_ghost_reflecting_pool, nicolae_vaults_circle_grid_a,
          vaults_room_corners, hangedman_vaults_stagger,
          hangedman_vaults_corner_blocks, vaults_room_large_hall,
          ontoclasm_vaults_pinch, hangedman_vaults_variations,
          grunt_vaults_diagonal, nicolae_vaults_network_periphery,
          nicolae_vaults_little_squares_1, vaults_mumra_minichess,
          nicolae_vaults_octagons, hangedman_vaults_nails,
          grunt_vaults_hallway_short, layout_vaults_maze_bifur,
          nicolae_trove_entry_crystal, uniq_aizul

Skill      XL: |  1  2  3  4  5  6  7  8  9 10 11 12 13 14 15 16 17 18 |
---------------+-------------------------------------------------------+-----
Maces & Flails | 2 3 4 5 7 9 11 12 13 14 15 17 | 17.1
Shields        | 3 4 5 6 7 |  7.6
Fighting       | 5 6 7 8 9 10 11 12 13 15 16 | 16.4
Throwing       | 2 5 6 7 9 11 12 13 | 13.9
Invocations    | 1 3 5 6 7 |  7.5
Armour         | 2 3 4 5 6 7 8 10 11 | 11.1
Necromancy     | 1 3 4 5 6 |  6.9
Spellcasting   | 1 4 5 6 |  6.3
Earth Magic    | 1 |  1.6
Dodging        | 4 6 |  6.2
Evocations     | 2 4 |  4.2

Action                   |  1- 3 |  4- 6 |  7- 9 | 10-12 | 13-15 | 16-18 || total
-------------------------+-------+-------+-------+-------+-------+-------++-------
Melee: Flail             |   142 |   175 |    12 |       |   722 |       ||  1051
       Hand axe          |       |       |   219 |    75 |     5 |       ||   299
       Broad axe         |       |       |    37 |    52 |   144 |   133 ||   366
       Whip              |       |       |       |   852 |   194 |       ||  1046
       Headbutt          |       |       |       |     2 |   320 |   275 ||   597
       Demon whip        |       |       |       |       |   262 |   577 ||   839
       Giant spiked club |       |       |       |       |       |   643 ||   643
Throw: Boomerang         |       |     7 |    23 |    19 |   207 |    26 ||   282
       Dart              |       |    16 |    65 |    63 |    96 |   369 ||   609
       Javelin           |       |       |       |     4 |    11 |     6 ||    21
       Large rock        |       |       |       |    16 |   122 |   106 ||   244
 Cast: Animate Skeleton  |       |       |       |     7 |     4 |       ||    11
Invok: Heroism           |       |       |     1 |     7 |    12 |    19 ||    39
       Finesse           |       |       |       |     3 |     7 |    14 ||    24
 Abil: Evoke Blink       |       |       |       |       |     1 |       ||     1
       Evoke Invisibilit |       |       |       |       |       |     2 ||     2
Evoke: Wand              |       |       |       |     1 |       |     4 ||     5
       Box of beasts     |       |       |       |     1 |       |     1 ||     2
  Use: Potion            |     2 |     3 |     2 |     5 |     1 |    12 ||    25
       Scroll            |       |     2 |     6 |    19 |     6 |     4 ||    37
 Stab: Sleeping          |     1 |       |       |     2 |       |       ||     3
       Paralysed         |       |       |       |     6 |       |       ||     6
       Petrified         |       |       |       |     2 |       |       ||     2
       Petrifying        |       |       |       |     1 |       |       ||     1
       Confused          |       |       |       |       |     1 |       ||     1
       Invisible         |       |       |       |       |       |     9 ||     9
  Eat: Chunk             |     2 |     7 |    12 |    22 |    24 |    22 ||    89
       Ration            |       |     1 |       |     1 |     3 |     5 ||    10
Armor: Robe              |    67 |    45 |    28 |       |       |       ||   140
       Steam dragon scal |       |       |    36 |   256 |    10 |       ||   302
       Troll leather arm |       |       |       |       |   196 |       ||   196
       Pearl dragon scal |       |       |       |       |   272 |   297 ||   569
       Swamp dragon scal |       |       |       |       |       |   692 ||   692
Dodge: Dodged            |    65 |    59 |    88 |   307 |   370 |  1045 ||  1934
Block: Shield            |    99 |    72 |   119 |   380 |   522 |   327 ||  1519

Table legend:
 A = Non-vault XP
 B = Vault XP
 C = Vault XP percentage of total XP
 D = Non-vault monster count
 E = Vault monster count
 F = Vault count percentage of total count
                 A         B        C        D         E       F
            +---------+---------+-------+---------+---------+-------
      Total |  164126 |  149951 |  47.7 |     745 |     380 |  33.8
            +---------+---------+-------+---------+---------+-------
        D:1 |      59 |       8 |  11.9 |      27 |       6 |  18.2
        D:2 |     161 |      35 |  17.9 |      21 |       1 |   4.5
        D:3 |     111 |      39 |  26.0 |      17 |       1 |   5.6
        D:4 |     376 |       0 |   0.0 |      16 |       0 |   0.0
        D:5 |     981 |       0 |   0.0 |      20 |       0 |   0.0
        D:6 |     618 |     410 |  39.9 |       7 |       3 |  30.0
        D:7 |     893 |     849 |  48.7 |      30 |       8 |  21.1
        D:8 |    1974 |     164 |   7.7 |      19 |       2 |   9.5
        D:9 |    1596 |     820 |  33.9 |      29 |      10 |  25.6
       D:10 |    2969 |     338 |  10.2 |      39 |       1 |   2.5
       D:11 |    3947 |     171 |   4.2 |      37 |       2 |   5.1
       D:12 |    4871 |    3805 |  43.9 |      26 |       3 |  10.3
       D:13 |    2331 |   11411 |  83.0 |      10 |      34 |  77.3
       D:14 |   16892 |       0 |   0.0 |      50 |       0 |   0.0
       D:15 |   11580 |   13254 |  53.4 |      29 |      23 |  44.2
     Lair:1 |    3278 |    2236 |  40.6 |      15 |      10 |  40.0
     Lair:2 |    7925 |     595 |   7.0 |      32 |       1 |   3.0
     Lair:3 |    3511 |    3554 |  50.3 |      12 |      18 |  60.0
     Lair:4 |    2895 |       0 |   0.0 |      10 |       0 |   0.0
     Lair:5 |    9964 |    1922 |  16.2 |      29 |       5 |  14.7
     Lair:6 |   12724 |   12699 |  50.0 |      36 |      31 |  46.3
   Spider:1 |   15911 |    3023 |  16.0 |      50 |       1 |   2.0
   Spider:2 |   17030 |    4485 |  20.8 |      49 |       2 |   3.9
   Spider:3 |   16381 |   17857 |  52.2 |      43 |      45 |  51.1
   Spider:4 |   10403 |   25730 |  71.2 |      22 |      43 |  66.2
      Orc:1 |    2179 |    3180 |  59.3 |      18 |       7 |  28.0
      Orc:2 |    1831 |    8328 |  82.0 |      21 |      26 |  55.3
   Vaults:1 |   10735 |   28846 |  72.9 |      31 |      43 |  58.1
      IceCv |       0 |    6192 | 100.0 |       0 |      54 | 100.0
            +---------+---------+-------+---------+---------+-------
